 Dungeon Crawl Stone Soup version 0.29-a0-817-g9904bce7a6 (webtiles) character file.

Game seed: 5096252664474615491

2 blackman the Sneak (level 1, -1/18 HPs)
             Began as a Human Delver on July 5, 2022.
             Shot with an arrow by a centaur (12 damage)
             ... on level 5 of the Dungeon.
             The game lasted 00:00:34 (145 turns).

blackman the Sneak (Human Delver)                    Turns: 145, Time: 00:00:35

Health: -1/18      AC:  3    Str: 12    XL:     1   Next: 33%
Magic:  1/1        EV: 12    Int: 10    God:
Gold:   5          SH:  0    Dex: 14    Spells: 0/0 levels left

rFire   . . .      SeeInvis .   a - +0 hand axe
rCold   . . .      Faith    .   (no shield)
rNeg    . . .      Spirit   .   b - +0 leather armour
rPois   .          Reflect  .   (no helmet)
rElec   .          Harm     .   (no cloak)
rCorr   .          Rampage  .   (no gloves)
Will    .....                   (no boots)
Stlth   +++.......              (no amulet)
HPRegen 0.06/turn               (no ring)
MPRegen 0.07/turn               (no ring)

@: no status effects
A: no striking features
a: no special abilities


You were on level 5 of the Dungeon.
You visited 1 branch of the dungeon, and saw 1 of its levels.

You collected 5 gold pieces.

Inventory:

Hand Weapons
 a - a +0 hand axe (weapon)
Armour
 b - a +0 leather armour (worn)
Wands
 g - a wand of digging (3)
Scrolls
 c - a scroll of fog
 d - a scroll of magic mapping
 e - a scroll of fear
Potions
 f - a potion of haste
 h - a potion of invisibility {unknown}


   Skills:
 - Level 3.0 Fighting
 - Level 2.0 Axes
 - Level 2.0 Dodging
 - Level 5.0 Stealth
 + Level 0.6 Evocations


You couldn't memorise any spells.
You didn't know any spells.
Your spell library was empty.

Dungeon Overview and Level Annotations

Branches:
Dungeon (5/15)
 Temple: D:4-7

Altars:


Message History

They say the Orb of Zot lies within this dungeon, but they say a lot of things.
Press ? for a list of commands and other information.
Found a stone staircase leading down and a stone staircase leading up.
There is a stone staircase leading up here.
There is a stone staircase leading up here.
Key pressed, stopping explore.
An orc comes into view. It is wielding a +0 flail.
The orc shouts!
The orc barely misses you.
You hit the orc.
The orc is severely wounded.
The orc misses you.
You barely miss the orc.
The orc is severely wounded.
The orc closely misses you.
You slash the orc!
You kill the orc!
No target in view!
h - a fizzy green potion Key pressed, stopping explore.
Key pressed, stopping explore.
You now have 5 gold pieces.
A scorpion comes into view.
A scorpion is nearby!
A scorpion is nearby!
No target in view!
Unknown command.
Found a stone staircase leading down.
Found a stone staircase leading up.
Found a scroll labelled OLYKKEUZIT.
Found a quarterstaff.
A centaur comes into view.
Found a scroll labelled LOH URUATRUYJE.
Found a scroll labelled AVELOBB ZOFA and a silvery potion.
The centaur shouts!
The centaur wields a +0 shortbow.
The centaur shoots an arrow.
The arrow hits you!
The centaur shoots an arrow.
The arrow hits you!
Ouch! That really hurt!
You die...

...##...###.........#...
#....................
#....###.........#...
#.#### #.........#...
#...# ###########... #.
###.# ... #...
#.?.###.####.... #...
#............... #...
##......@....## #...
#..........c... ..###
#.............. . #
........?....... ##
##..)........... ..
#.............. ...
#....!......### ...
#............ ... ..


You could see a centaur.

Vanquished Creatures
  An orc (D:5)
1 creature vanquished.

Notes
Turn   | Place    | Note
-------+----------+-------------------------------------------
     0 | D:5      | blackman the Human Delver began the quest for the Orb.
     0 | D:5      | Reached XP level 1. HP: 18/18 MP: 1/1
    62 | D:5      | Noticed a scorpion
   143 | D:5      | Noticed a centaur
   145 | D:5      | Shot with an arrow by a centaur

Illustrated notes

Levels and vault maps discovered:
D:5:      layout_basic

Action                   || total
-------------------------++-------
Melee: Hand axe          ||     3
Dodge: Dodged            ||     3

Table legend: (Time is in decaauts)
 A = Elapsed time spent in this place.
 B = Non-inter-level travel time spent in this place.
 C = Inter-level travel time spent in this place.
 D = Time resting spent in this place.
 E = Time spent auto-exploring this place.
 F = Levels seen in this place.
 G = Mean time per level.
                   A        B        C        D        E       F      G
               +--------+--------+--------+--------+--------+-----+--------+
         Total |    145 |    145 |      0 |      0 |     54 |   1 |  145.0 |
       Dungeon |    145 |    145 |      0 |      0 |     54 |   1 |  145.0 |
               +--------+--------+--------+--------+--------+-----+--------+

Top non-repeatable levels by time:
     D:5: 145 daAuts
